 Dungeon Crawl Stone Soup version 0.31.0-12-g77e489cdc1 (webtiles) character file.

Game seed: 81786303792800573

696 Metae the Covered (level 7, 0/61 HPs)
             Began as a Minotaur Fighter on Feb 14, 2024.
             Slain by Edmund
             ... wielding a +1 flail of venom
              (7 damage)
             ... on level 5 of the Dungeon.
             The game lasted 00:08:33 (3799 turns).

Metae the Covered (Minotaur Fighter)                Turns: 3799, Time: 00:08:36

Health: 0/61       AC: 11    Str: 23    XL:     7   Next: 37%
Magic:  6/6        EV:  9    Int:  5    God:
Gold:   214        SH:  5    Dex:  9    Spells: 6/6 levels left

rFire   . . .        a - +0 flail
rCold   . . .        c - +0 buckler
rNeg    . . .        B - +0 chain mail
rPois   .            (helmet restricted)
rElec   .            m - +0 cloak
rCorr   .            (no gloves)
SInv    .            (no boots)
Will    .....        (no amulet) Stlth
                     (no ring)
HPRegen 0.30/turn    (no ring)
MPRegen 0.10/turn

%: no passive effects
@: lethally poisoned (0 -> -7)
A: horns 2, retaliatory headbutt
a: no special abilities


You were on level 5 of the Dungeon.
You visited 2 branches of the dungeon, and saw 6 of its levels.
You also visited: Ossuary.

You collected 214 gold pieces.

Inventory:

Hand Weapons
 a - a +0 flail (weapon)
Missiles
 y - 2 throwing nets (quivered)
Armour
 c - a +0 buckler (worn)
 m - a +0 cloak (worn)
 B - a +0 chain mail (worn)
Wands
 n - a wand of iceblast (9)
Scrolls
 e - a scroll of immolation {unknown}
 i - 2 scrolls of vulnerability {unknown}
 j - 8 scrolls of identify {unknown}
 k - 2 scrolls of revelation {unknown}
 l - 8 scrolls of noise
 q - 3 scrolls of blinking {unknown}
 s - a scroll of butterflies {unknown}
 u - a scroll of fog {unknown}
 x - 3 scrolls of poison
 A - a scroll of amnesia {unknown}
Potions
 b - a potion of lignification {unknown}
 d - a potion of might
 f - 6 potions of degeneration
 g - 2 potions of berserk rage {unknown}
 h - 6 potions of curing
 o - a potion of enlightenment {unknown}
 p - 2 potions of mutation {unknown}
 r - 2 potions of brilliance {unknown}
 t - 2 potions of heal wounds {unknown}
 v - 2 potions of haste {unknown}
 w - a potion of cancellation {unknown}
 z - a potion of resistance {unknown}


   Skills:
 + Level 5.5 Fighting
 + Level 4.9 Maces & Flails
 + Level 5.7 Armour
 + Level 3.7 Dodging
 + Level 5.6 Shields


You had 6 spell levels left.
You didn't know any spells.
Your spell library contained the following spells:

 Spells                   Type           Power      Damage    Failure   Level
 Blink                    Tloc           0%         N/A       99%         2
 Lesser Beckoning         Tloc           0%         N/A       99%         2
 Momentum Strike          Conj/Tloc      0%         3d8       99%         2
 Dimensional Bullseye     Hex/Tloc       0%         N/A       100%        4
 Summon Forest            Summ/Tloc      0%         N/A       100%        5
 Summon Mana Viper        Hex/Summ       0%         N/A       100%        5


Dungeon Overview and Level Annotations

Branches:
Dungeon (5/15)             Temple (1/1) D:4         Ossuary (visited)

Altars:
Ashenzari
Cheibriados
Elyvilon
Fedhas
Gozag
Hepliaklqana
Kikubaaqudgha
Nemelex Xobeh
Qazlal
Ru
Sif Muna
Trog
Vehumet
Wu Jian
Yredelemnul

Shops:
D:2 =

Annotations:
D:5 Edmund, Sigmund


Innate Abilities, Weirdness & Mutations

You have a pair of horns on your head.
You reflexively headbutt those who attack you in melee.


Message History

Edmund hits you with a +1 flail of venom.
You closely miss Edmund.
Edmund is heavily wounded.
Edmund hits you with a +1 flail of venom.
You closely miss Edmund. You headbutt Edmund!
Edmund is severely wounded.
Edmund hits you with a +1 flail of venom!
You are poisoned.
Sigmund hits you from afar with a +1 vampiric scythe.
Edmund hits you with a +1 flail of venom.
You are more poisoned.
You barely miss Edmund. Your headbutt misses Edmund.
Edmund is severely wounded.
You feel extremely sick.
Edmund hits you with a +1 flail of venom.
You are lethally poisoned!
Sigmund hits you from afar with a +1 vampiric scythe.
You hit Edmund but do no damage. Your headbutt misses Edmund.
Edmund is severely wounded.
* * * LOW HITPOINT WARNING * * *
You feel very sick. Edmund misses you. You furiously retaliate!
You headbutt Edmund. You closely miss Edmund.
Edmund is severely wounded.
* * * LOW HITPOINT WARNING * * *
You feel very sick. Sigmund hits you but does no damage.
Edmund barely misses you. You furiously retaliate!
You headbutt Edmund!
It was a potion of curing.
You feel better.
Edmund hits you with a +1 flail of venom.
* * * LOW HITPOINT WARNING * * *
You are lethally poisoned!
Sigmund hits you but does no damage.
You hit Edmund but do no damage. Your headbutt misses Edmund.
Edmund is almost dead.
* * * LOW HITPOINT WARNING * * *
You feel very sick.
Edmund hits you with a +1 flail of venom!
You die...
Edmund says, "I'd like to see a scythe do that!"

##### ##########...#
##............#
###...########..#
#.....#[#... #..#####
#.###.#.... #......#
#.# #.#...# #.##...#
#.# #@#...# #.##...#
#.###@#...# #.##...##
#>..o@#...# #........
#..#.o....# .#.##....#
#..#......#..#.##....#
#.....#......#.##....#
##.##.#..##..#..######
#....#..)# .# ......
####.#..## # .#####


You could see Edmund, Sigmund and 2 orcs.

Vanquished Creatures
  An ogre (D:5)
  2 burial acolytes (Ossuary)
  A howler monkey (D:5)
  2 hounds
  An orc priest (D:5)
  An iguana (D:4)
  5 orc wizards
  3 mummies (Ossuary)
  3 gnolls (D:4)
  3 adders
  4 adder zombies (D:4)
  2 adder skeletons (D:4)
  4 dart slugs
  19 orcs
  4 ball pythons
  5 bats
  10 endoplasms
  A giant cockroach (D:1)
  3 gnoll zombies (Ossuary)
  6 goblins
  5 hobgoblins
  4 jackals (D:1)
  3 kobolds
  2 quokkas
  4 frilled lizards
  2 kobold zombies (Ossuary)
  3 orc zombies (Ossuary)
  9 rats
112 creatures vanquished.

Notes
Turn   | Place    | Note
-------+----------+-------------------------------------------
     0 | D:1      | Metae the Minotaur Fighter began the quest for the Orb.
     0 | D:1      | Reached XP level 1. HP: 19/19 MP: 0/0
   133 | D:1      | Reached XP level 2. HP: 27/27 MP: 1/1
   217 | D:1      | Reached skill level 1 in Dodging
   414 | D:1      | Reached XP level 3. HP: 33/33 MP: 2/2
   945 | D:2      | Found Vuustew's Jewellery Shoppe.
  1578 | D:3      | Reached XP level 4. HP: 40/40 MP: 3/3
  2256 | D:4      | Found a sand-covered staircase.
  2270 | Ossuary  | Entered an ossuary
  2297 | Ossuary  | Reached XP level 5. HP: 31/47 MP: 4/4
  2596 | D:4      | Reached XP level 6. HP: 53/53 MP: 5/5
  2696 | D:4      | Got the Omnibus of Unified Jinxing
  2786 | D:4      | Reached skill level 5 in Shields
  2833 | D:4      | Reached skill level 5 in Armour
  3037 | D:4      | Found a staircase to the Ecumenical Temple.
  3043 | Temple   | Entered the Ecumenical Temple
  3120 | D:4      | Reached skill level 5 in Fighting
  3244 | D:5      | Entered Level 5 of the Dungeon
  3433 | D:5      | Reached XP level 7. HP: 10/61 MP: 6/6
  3782 | D:5      | Noticed Sigmund
  3783 | D:5      | Noticed Edmund
  3799 | D:5      | Slain by Edmund

Illustrated notes

Levels and vault maps discovered:
D:1:      mushboom_english_gardens, layout_basic, minmay_cut_off
D:2:      layout_basic, serial_shops, shop, grunt_decor_mini_mirrors
D:3:      layout_basic, st_stairs_4, hangedman_decor_push
D:4:      layout_rooms, minmay_temple_entry_enclosed_plants,
          mainiacjoe_ossuary_entry_find_the_door, minmay_misc_feat_iff
D:5:      layout_basic, sigmund_edmund_badplayer
Temple:   minmay_freezing_vapour_temple

Skill      XL: |  1  2  3  4  5  6 |
---------------+-------------------+-----
Dodging        | 1 2 3 |  3.7
Shields        | 4 5 |  5.6
Armour         | 4 5 |  5.7
Fighting       | 4 5 |  5.5
Maces & Flails | 3 4 |  4.9

Action                     |  1- 3 |  4- 6 |  7- 9 || total
---------------------------+-------+-------+-------++-------
  Melee: Flail             |    95 |   192 |    43 ||   330
         Headbutt          |     9 |    25 |    11 ||    45
    Use: Potion            |       |       |     1 ||     1
 Armour: Scale mail        |    65 |    93 |       ||   158
         Chain mail        |       |    47 |    41 ||    88
  Dodge: Dodged            |    42 |    81 |    25 ||   148
  Block: Buckler           |    22 |    25 |    11 ||    58
